 Dungeon Crawl Stone Soup version 0.22.1-1-ga44c0e5 (webtiles) character file.

23 wilfster70 the Caller (level 3, -5/26 HPs)
             Began as a Hill Orc Summoner on Oct 12, 2018.
             Slain by a bullfrog (6 damage)
             ... on level 1 of the Dungeon.
             The game lasted 00:03:54 (1138 turns).

wilfster70 the Caller (Hill Orc Summoner)           Turns: 1138, Time: 00:03:55

Health: -5/26      AC:  3    Str: 10    XL:     3   Next: 0%
Magic:  6/6        EV: 12    Int: 16    God:
Gold:   30         SH:  0    Dex: 11    Spells: 3/6 levels left

rFire    . . .     SeeInvis .   i - +1 spear (venom)
rCold    . . .     Gourm    .   (no shield)
rNeg     . . .     Faith    .   e - +0 robe
rPois    .         Spirit   .   (helmet restricted)
rElec    .         Reflect  .   g - +0 cloak
rCorr    .         Harm     .   (no gloves)
MR       .....                  (no boots)
Stlth    ++........             (no amulet)
HPRegen  0.08/turn              (no ring)
MPRegen  0.10/turn              (no ring)

@: no status effects
A: horns 1, blink, deterioration 1
a: Blink


You were on level 1 of the Dungeon.
You were hungry.

You visited 1 branch of the dungeon, and saw 2 of its levels.

You collected 30 gold pieces.

Inventory:

Hand Weapons
 a - a +0 club
 i - a +1 spear of venom (weapon)
Missiles
 f - 37 stones (quivered)
Armour
 e - a +0 robe (worn)
 g - a +0 cloak (worn)
Scrolls
 b - a scroll of fog {unknown}
 d - a scroll of teleportation {unknown}
 h - a scroll of fear {unknown}
 k - a scroll of random uselessness {unknown}
Comestibles
 c - a ration
 l - a chunk of flesh


   Skills:
 - Level 1.5 Dodging
 - Level 1.5 Stealth
 + Level 2.1 Spellcasting
 + Level 4.4 Summonings


You had 3 spell levels left.
You knew the following spells:

 Your Spells              Type           Power        Failure   Level  Hunger
a - Summon Small Mammal   Summ           ###.         3%          1    #......
b - Call Imp              Summ           ###.....     4%          2    ###....

Your spell library contained the following spells:

 Spells                   Type           Power        Failure   Level  Hunger
 Call Canine Familiar     Summ           ###.....     10%         3    ###....
 Summon Guardian Golem    Hex/Summ       #.......     24%         3    ###....
 Summon Ice Beast         Ice/Summ       #.......     63%         4    #####..
 Summon Lightning Spire   Summ/Air       #.......     63%         4    #####..


Dungeon Overview and Level Annotations

Branches:
Dungeon (2/15)

Altars:


Innate Abilities, Weirdness & Mutations

You have a pair of small horns on your head.
You can translocate small distances at will.
Your body sometimes deteriorates upon taking damage.


Message History

There is a stone staircase leading down here.
The bullfrog misses you. The kobold misses you. The kobold barely misses you.
The bullfrog hits you. The bullfrog hits you.
You see here a club.
You hit the bullfrog.
The bullfrog is lightly wounded.
The bullfrog hits you!
* * * LOW HITPOINT WARNING * * *
The bullfrog misses you.
It was a potion of mutation.
You feel extremely strange.
You feel jittery.
You feel yourself wasting away. A pair of horns grows on your head!
The bullfrog barely misses you. x2
You barely miss the bullfrog.
You headbutt the bullfrog, but do no damage.
The bullfrog is lightly wounded.
The bullfrog hits you.
You die...

###.#####...####.######.#.####
....# #...# #.# ####.#.# .####
#...# #.# #....#.# .# #...#
#.###.####.# .# #.#.##
#..........# .# #.#..#
#.###.####.####### .# #.#..###.#
#.# #........ .# #.#..)##.# #.#
#........ .# #.#.#.##@# #.#
#)....... .########.#.#..#F# #.#
#........ ............##.#K# #.#
#........ .................# #.#
######### ##########.###...###.#
#.................##.# #####
#.######...###.#>###.#####...####
#.# #.....#.#.# #.....'...'...
#.# #.....#.#.# #######...###.


You could see a bullfrog and a kobold.

Vanquished Creatures
  A gnoll (D:1)
  A ball python (D:1)
  A bat (D:1)
  A giant cockroach (D:1)
  2 goblins (D:1)
  A hobgoblin (D:1)
  2 kobolds (D:1)
  5 rats
14 creatures vanquished.

Vanquished Creatures (collateral kills)
  A kobold (D:1)
1 creature vanquished.

Grand Total: 15 creatures vanquished

Notes
Turn   | Place    | Note
-------+----------+-------------------------------------------
     0 | D:1      | wilfster70 the Hill Orc Summoner began the quest for the
                  | Orb.
     0 | D:1      | Reached XP level 1. HP: 14/14 MP: 3/3
   216 | D:1      | Reached XP level 2. HP: 9/20 MP: 4/4
   391 | D:1      | Learned a level 2 spell: Call Imp
  1101 | D:2      | Noticed a bullfrog
  1115 | D:2      | Reached XP level 3. HP: 26/26 MP: 6/6
  1136 | D:1      | HP: 1/26 [bullfrog (9)]
  1137 | D:1      | Gained mutation: You can translocate small distances at
                  | will. [potion of mutation]
  1137 | D:1      | Gained mutation: Your body sometimes deteriorates upon
                  | taking damage. [potion of mutation]
  1137 | D:1      | Gained mutation: You have a pair of small horns on your
                  | head. [potion of mutation]
  1138 | D:1      | Slain by a bullfrog

Skill      XL: |  1  2 |
---------------+-------+-----
Spellcasting   | 2 |  2.1
Dodging        | |  1.5
Stealth        | |  1.5
Summonings     | |  4.4

Action                   || total
-------------------------++-------
Melee: Club              ||    28
       Unarmed           ||     5
       Spear             ||    12
       Headbutt          ||     1
 Cast: Summon Small Mamm ||     1
  Use: Potion            ||     1
 Stab: Sleeping          ||     1
Armor: Robe              ||    13
Dodge: Dodged            ||    39
